 Dungeon Crawl Stone Soup version 0.29-a0-298-g3c90f9a769 (webtiles) character file.

Game seed: 13234668376957229270

69 Leszczynek the Chopper (level 4, -1/34 HPs)
             Began as a Human Gladiator on Mar 22, 2022.
             Was a Believer of Kikubaaqudgha.
             Slain by a gnoll
             ... wielding a +0 halberd
              (12 damage)
             ... on level 3 of the Dungeon.
             The game lasted 00:06:43 (753 turns).

Leszczynek the Chopper (Human Gladiator)             Turns: 753, Time: 00:06:44

Health: -1/34      AC:  4    Str: 15    XL:     4   Next: 42%
Magic:  3/4        EV: 12    Int: 10    God:    Kikubaaqudgha [**....]
Gold:   130        SH:  0    Dex: 14    Spells: 0/3 levels left

rFire   + . .      SeeInvis .   a - +0 war axe
rCold   . . .      Faith    .   (no shield)
rNeg    . . .      Spirit   .   h - +0 leather armour
rPois   .          Reflect  .   c - +0 helmet
rElec   .          Harm     .   (no cloak)
rCorr   .          Rampage  .   (no gloves)
Will    .....                   (no boots)
Stlth   +.........              (no amulet)
HPRegen 0.11/turn               k - ring of protection from fire
MPRegen 0.09/turn               (no ring)

@: no status effects
A: no striking features
a: Renounce Religion, Receive Corpses


You were on level 3 of the Dungeon.
You worshipped Kikubaaqudgha.
Kikubaaqudgha was pleased with you.
You visited 1 branch of the dungeon, and saw 3 of its levels.

You collected 130 gold pieces.

Inventory:

Hand Weapons
 a - a +0 war axe (weapon)
 b - a +0 hunting sling
Missiles
 d - a throwing net (quivered)
 e - a javelin
Armour
 c - a +0 helmet (worn)
 f - a +0 buckler
 h - a +0 leather armour (worn)
Jewellery
 k - a ring of protection from fire (left hand)
Scrolls
 g - a scroll of vulnerability {unknown}
 i - a scroll of enchant weapon {unknown}
 j - a scroll of summoning {unknown}
 m - a scroll of holy word {unknown}
 n - a scroll of identify {unknown}
Potions
 l - a potion of curing {unknown}


   Skills:
 + Level 2.5 Fighting
 - Level 3.2 Axes
 - Level 2.0 Throwing
 - Level 3.0 Dodging
 - Level 3.0 Necromancy
 * Level 0.4 Air Magic


You couldn't memorise any spells.
You knew the following spells:

 Your Spells              Type           Power      Damage    Failure   Level
a - Animate Skeleton      Necr           12%        N/A       14%         1
b - Corpse Rot            Necr/Air       6%         N/A       34%         2

Your spell library contained the following spells:

 Spells                   Type           Power      Damage    Failure   Level
 Pain                     Necr           24%        1d5       14%         1
 Apportation              Tloc           0%         N/A       43%         1
 Summon Small Mammal      Summ           0%         N/A       43%         1
 Agony                    Necr           6%         N/A       98%         5


Dungeon Overview and Level Annotations

Branches:
Dungeon (3/15)

Altars:
Kikubaaqudgha


Message History

The dead are walking!
Your kobold skeleton crumbles into dust!
Found a stone staircase leading down.
Found a leather armour.
Found a stone staircase leading down.
Found 12 gold pieces.
You now have 130 gold pieces (gained 12).
Found a scroll labelled VAMMUS QEGUC and a quarterstaff.
Found 8 gold pieces.
A gnoll comes into view. It is wielding a +0 halberd.
You see here a scroll labelled VAMMUS QEGUC.
n - a scroll labelled VAMMUS QEGUC The gnoll shouts!
A gnoll comes into view. It is wielding a +0 flail.
Found 17 stones.
Your rat skeleton crumbles into dust!
A kobold comes into view. It is wielding a +0 dagger.
The kobold moves out of view.
You hit the kobold but do no damage. The kobold hits you with a +0 dagger.
The kobold closely misses you.
You slash the kobold!
You kill the kobold!
Kikubaaqudgha accepts your kill.
Things that are here:
a +0 dagger; a kobold corpse
Casting: Animate Skeleton (safe; 14% risk of failure)
Confirm with . or Enter, or press ? or * to list all spells.
You attempt to give life to the dead...
Before your eyes, flesh is ripped from the corpse!
The dead are walking!
The gnoll hits you from afar with a +0 halberd!
The gnoll hits you with a +0 halberd.
You barely miss the gnoll.
Your kobold skeleton hits the gnoll with a +0 dagger.
The gnoll closely misses you.
You slash the gnoll!
The gnoll is almost dead.
The gnoll hits you with a +0 halberd!
You die...
Kikubaaqudgha rasps: "You have failed me!
Welcome... death!"

........#.# #.
##.##.#.#.####$### .# ..
#.##.#........... .#...#
#.##.....# #....##.#....
#.####..## #............
#.####..####.......#...#
........................
#..##..#(###..........####
.........†.....@Z..##.......
#....#........g...###.....#
#.###........................ #.
#................#....... .
#...................#...
#..................#...# ..
#.###...)................# ...
#.....)..................###...
.....##.........>........[..#..#


You could see a gnoll (ally target) and a friendly kobold skeleton.

Vanquished Creatures
  3 adders (D:2)
  3 dart slugs
  2 giant cockroaches
  6 goblins
  A hobgoblin (D:1)
  4 kobolds
  A quokka (D:3)
  8 ball pythons
  5 bats
  2 rats (D:1)
35 creatures vanquished.

Vanquished Creatures (collateral kills)
  A giant cockroach (D:3)
  A rat (D:3)
2 creatures vanquished.

Grand Total: 37 creatures vanquished

Notes
Turn   | Place    | Note
-------+----------+-------------------------------------------
     0 | D:1      | Leszczynek the Human Gladiator began the quest for the Orb.
     0 | D:1      | Reached XP level 1. HP: 16/16 MP: 1/1
    30 | D:1      | Found a faded altar of an unknown god.
    44 | D:1      | Prayed at the altar of an unknown god.
    44 | D:1      | Became a worshipper of Kikubaaqudgha
    44 | D:1      | Reached * piety under Kikubaaqudgha
    44 | D:1      | Received a gift from Kikubaaqudgha
    81 | D:1      | Reached skill level 1 in Necromancy
    81 | D:1      | Reached XP level 2. HP: 14/22 MP: 2/2
    83 | D:1      | Learned a level 1 spell: Animate Skeleton
   224 | D:2      | Reached skill level 2 in Necromancy
   224 | D:2      | Reached XP level 3. HP: 17/27 MP: 3/3
   467 | D:2      | Reached ** piety under Kikubaaqudgha
   512 | D:2      | Reached XP level 4. HP: 13/34 MP: 4/4
   515 | D:2      | Learned a level 2 spell: Corpse Rot
   622 | D:2      | Reached skill level 3 in Necromancy
   753 | D:3      | Slain by a gnoll

Illustrated notes

Levels and vault maps discovered:
D:1:      psy_arrival_statuary, layout_rooms,
          shapermc_ecumenical_altar_starsandcircs, serial_corexii_hall,
          chequers_hall_statues_wall_a, chequers_hall_statues_y,
          corexii_hall_statues_u, chequers_hall_statues_wall_a,
          hangedman_abyss_or_decor_stabs, palyth_stone_intersect,
          minmay_octomino_e4
D:2:      layout_loops_corners, minmay_misc_feat_more_columns, st_stairs_10,
          minmay_pentomino_pile
D:3:      layout_rooms

Skill      XL: |  1  2  3  4 |
---------------+-------------+-----
Necromancy     | 1 2 3 |  3.0
Fighting       | |  2.5
Axes           | |  3.2
Throwing       | |  2.0
Dodging        | |  3.0
Air Magic      | |  0.4

Action                   |  1- 3 |  4- 6 || total
-------------------------+-------+-------++-------
Melee: War axe           |    61 |    20 ||    81
Throw: Throwing net      |     5 |     1 ||     6
       Javelin           |     1 |       ||     1
 Cast: Animate Skeleton  |     5 |     4 ||     9
 Stab: Held in net/web   |     1 |     1 ||     2
Armor: Leather armour    |    21 |     7 ||    28
Dodge: Dodged            |    55 |    18 ||    73
Block: Buckler           |     3 |       ||     3

Table legend: (Time is in decaauts)
 A = Elapsed time spent in this place.
 B = Non-inter-level travel time spent in this place.
 C = Inter-level travel time spent in this place.
 D = Time resting spent in this place.
 E = Time spent auto-exploring this place.
 F = Levels seen in this place.
 G = Mean time per level.
                   A        B        C        D        E       F      G
               +--------+--------+--------+--------+--------+-----+--------+
         Total |    803 |    803 |      0 |      0 |      0 |   3 |  267.7 |
       Dungeon |    803 |    803 |      0 |      0 |      0 |   3 |  267.7 |
               +--------+--------+--------+--------+--------+-----+--------+

Top non-repeatable levels by time:
     D:2: 514 daAuts
     D:1: 183 daAuts
     D:3: 105 daAuts
